 Dungeon Crawl Stone Soup version 0.17-a0-1922-g2f426ad (webtiles) character file.

72 AvaKnavely the Cutter (level 4, 0/28 HPs)
             Began as a Kobold Abyssal Knight on Sept 28, 2015.
             Was a Believer of Lugonu.
             Slain by Crazy Yiuf
             ... wielding a +4 quarterstaff of chaos
              (9 damage)
             ... on level 2 of the Dungeon.
             The game lasted 00:07:37 (2179 turns).

AvaKnavely the Cutter (Kobold Abyssal Knight)       Turns: 2179, Time: 00:07:37

Health: 0/28       AC:  3    Str: 10    XL:     4   Next: 48%
Magic:  5/5        EV: 14    Int: 10    God:    Lugonu [**....]
Gold:   75         SH:  0    Dex: 16    Spells: 0 memorised, 3 levels left

rFire  . . .     SeeInvis .     h - +0 dagger (venom)
rCold  . . .     Clarity  .     b - +0 leather armour
rNeg   . . .     SustAt   .     (shield restricted)
rPois  .         Gourm    .     (no helmet)
rElec  .         Spirit   .     (no cloak)
rCorr  .         Warding  .     (no gloves)
rMut   .         Stasis   .     (no boots)
MR     .....                    (no amulet)
Stlth  +++.......               (no ring)
                                (no ring)

@: not resistant to hostile enchantments, fairly stealthy
A: carnivore 3
a: Depart the Abyss, Bend Space, Renounce Religion


You were on level 2 of the Dungeon.
You worshipped Lugonu.
Lugonu was pleased with you.
You were completely stuffed.

You visited 1 branch of the dungeon, and saw 2 of its levels.
You visited the Abyss 1 time.

You collected 75 gold pieces.

Inventory:

Hand weapons
 a - a +1 short sword
 h - a +0 dagger of venom (weapon)
 q - a +1 dagger of chaos
Armour
 b - a +0 leather armour (worn)
 n - a +0 ring mail
Scrolls
 d - a scroll of random uselessness
 e - a scroll of blinking {unknown}
 f - a scroll of amnesia {unknown}
 g - a scroll of remove curse
 i - a scroll of recharging {unknown}
 l - a scroll of fear {unknown}
 m - 2 scrolls of immolation
 o - a scroll of identify
Potions
 j - a potion of heal wounds {unknown}
 p - a potion of degeneration {unknown}
 r - a potion of mutation {unknown}
Comestibles
 c - a meat ration
 k - a beef jerky
 s - 2 chunks of flesh


   Skills:
 - Level 3.2 Fighting
 + Level 4.4 Short Blades
 - Level 0.7 Armour
 - Level 2.4 Dodging
 * Level 3.9 Stealth
 - Level 2.0 Invocations


You had 3 spell levels left.
You didn't know any spells.

Dungeon Overview and Level Annotations

Branches:
Dungeon (2/15)

Altars:
Qazlal
Yredelemnul

Annotations:
D:2 Crazy Yiuf


Innate Abilities, Weirdness & Mutations

You are small and have problems with some larger weapons.
You are carnivorous and can eat meat at any time.


Message History

You kill the bat!
Lugonu accepts your kill.
Unknown command.
You see here a bat corpse.
You butcher the bat corpse.
s - 2 chunks of flesh (gained 1) You're too full to eat anything.
You're too full to eat anything.
You see here 18 stones.
Found a mace.
Crazy Yiuf the Enlightened comes into view.
He is wielding a quarterstaff of chaos.
Crazy Yiuf shouts!
Crazy Yiuf whimpers, "Leather tortoise toodlewoodle!"
Crazy Yiuf waves his quarterstaff at you.
Crazy Yiuf hits you with a quarterstaff of chaos!
Ouch! That really hurt!
Crazy Yiuf burns you.
You barely miss Crazy Yiuf.
Crazy Yiuf hits you with a quarterstaff of chaos!
You die...

##### #..)#
##### #.g.#
#...# #.@.#
###### #(..#
##.##
.....###...#
##.# ######
.....#.#...#
#.## #....#
....>..[...#
##.# #....#
##
..♣♣.....(.#
#.##
#....######.
♣.♣♣♣......#
##.##
#...........
♣..P♣♣.....#
#...##
#...........
PP.♣♣♣..####
#....#
#....##.....


You could see Crazy Yiuf.

Vanquished Creatures
  A gnoll (D:2)
  An adder (D:2)
  An ooze (D:1)
  A worm (D:2)
  A giant gecko (D:2)
  5 giant cockroaches
  5 goblins
  4 hobgoblins
  2 jackals (D:1)
  5 bats
  2 giant newts (D:1)
  8 kobolds
  7 rats
43 creatures vanquished.

Notes
Turn   | Place    | Note
--------------------------------------------------------------
     0 | Abyss:1  | AvaKnavely the Kobold Abyssal Knight began the quest for the Orb.
     0 | Abyss:1  | Reached XP level 1. HP: 14/14 MP: 2/2
    30 | D:1      | Escaped the Abyss
   401 | D:1      | Reached skill level 1 in Stealth
   401 | D:1      | Reached XP level 2. HP: 16/19 MP: 3/3
   881 | D:1      | Acquired Lugonu's second power
   924 | D:1      | Reached XP level 3. HP: 9/23 MP: 4/4
  1204 | D:1      | Reached skill level 4 in Short Blades
  1545 | D:2      | Found a basalt altar of Yredelemnul.
  1545 | D:2      | Found a stormy altar of Qazlal.
  1638 | D:2      | Reached XP level 4. HP: 28/28 MP: 5/5
  1738 | D:2      | Found a faded altar to an unknown god.
  2174 | D:2      | Noticed Crazy Yiuf
  2179 | D:2      | Slain by Crazy Yiuf

Vault maps used:
D:1:      nagdon_arrival_zigzag_paths
D:2:      gammafunk_temple_overflow_wave, ecumenical_altar_1, serial_forest,
          infiniplex_forest_clump_small, infiniplex_forest_lined_2,
          infiniplex_forest_side_room, infiniplex_forest_lined_corner,
          infiniplex_forest_clump_small, infiniplex_forest_zigzag_1,
          infiniplex_forest_clump_cross, tgw_xom, uniq_crazy_yiuf_cottage

Action                   |  1- 3 |  4- 6 || total
-------------------------+-------+-------++-------
Melee: Short sword       |    84 |       ||    84
       Dagger            |    65 |    23 ||    88
  Use: Scroll            |       |     3 ||     3
 Stab: Sleeping          |     2 |     1 ||     3
  Eat: Chunk             |    10 |     2 ||    12
